 Dungeon Crawl Stone Soup version 0.28.0 (webtiles) character file.

Game seed: 3103975371251611747

11154 issech the Basher (level 11, -9/98 HPs)
             Began as a Troll Monk on Feb 10, 2022.
             Was a Priest of Hepliaklqana.
             Mangled by a sun demon (15 damage)
             ... summoned by an orc high priest
             ... on level 2 of the Orcish Mines.
             The game lasted 00:50:06 (9233 turns).

issech the Basher (Troll Monk)                      Turns: 9233, Time: 00:50:07

Health: -9/98      AC: 21    Str: 19      XL:     11   Next: 45%
Magic:  20/20      EV: 14    Int:  9 (14) God:    Hepliaklqana [***...]
Gold:   1698       SH:  0    Dex: 22      Spells: 10/10 levels left

rFire   . . .      SeeInvis +   p - +1 flail (protect)
rCold   . . .      Faith    .   f - orb {light}
rNeg    + . .      Spirit   .   b - +2 acid dragon scales
rPois   +          Reflect  .   n - +3 hat of Pondering {ponderous, Will+ MP+10 Int+5}
rElec   .          Harm     .   o - +0 cloak
rCorr   +          Rampage  .   (gloves unavailable)
Will    ++...                   (boots unavailable)
Stlth   +.........              (no amulet)
HPRegen 1.06/turn               R - ring of see invisible
MPRegen 0.17/turn               Z - ring of the Crown {rPois rN+ Str-2 Int+3 Dex+6}

@: under a protective aura, glowing, studying Polearms, slow
A: reduced essence, large, unfitting armour, claws 3, regeneration 1, shaggy fur
1, tough skin 1, see invisible, strong-willed 1, screaming 1, subdued magic 1
a: Renounce Religion, Recall Ancestor, Ancestor Identity, Transference


You were on level 2 of the Orcish Mines.
You worshipped Hepliaklqana.
Hepliaklqana was most pleased with you.
You visited 3 branches of the dungeon, and saw 12 of its levels.

You collected 1774 gold pieces.
You spent 76 gold pieces at shops.

Inventory:

Hand Weapons
 e - a +1 vampiric trident
 p - a +1 flail of protection (weapon)
 w - the +7 hunting sling of Kanaq {flame, rC- Str+2 Dex+7}
   (You found it on level 6 of the Dungeon)

   Any ammunition fired from it burns those it strikes, dealing additional fire
   damage.
   Str:       It affects your strength (+2).
   Dex:       It affects your dexterity (+7).
   rC:        It makes you vulnerable to cold.
 y - a +5 dire flail
 G - a +2 antimagic rapier
 L - a +3 morningstar of freezing
 M - a +2 vorpal war axe
 O - a +2 spear of venom
 U - a +2 flail of holy wrath
 X - a +0 great mace
 Y - a +1 dire flail of draining
Missiles
 c - 149 arrows
 h - 19 boomerangs (quivered)
 l - 197 stones
 m - 74 sling bullets
 t - 2 throwing nets
 v - 15 poisoned darts
 z - 64 bolts
 A - 2 silver boomerangs
 I - 6 datura-tipped darts
 K - 4 curare-tipped darts
 P - 6 atropa-tipped darts
Armour
 b - +2 acid dragon scales (worn)
 f - an orb of light (worn)
 i - the +2 robe "Misch" {-Cast Rampage rPois Dex+3}
   (You found it on level 2 of the Dungeon)

   Dex:       It affects your dexterity (+3).
   rPois:     It protects you from poison.
   -Cast:     It prevents spellcasting.
   Rampage:   It bestows one free step when moving towards enemies.
 n - the +3 hat of Pondering (worn) {ponderous, Will+ MP+10 Int+5}
   (You took it off Gastronok on level 8 of the Dungeon)

   Int:       It affects your intelligence (+5).
   MP:        It affects your magic capacity (+10).
   Will:      It increases your willpower.
 o - a +0 cloak (worn)
 E - a scarf of shadows
Jewellery
 a - a ring of resist corrosion
 k - a ring of flight
 Q - a ring of ice
 R - a ring of see invisible (left claw)
 V - a ring of positive energy
 Z - the ring of the Crown (right claw) {rPois rN+ Str-2 Int+3 Dex+6}
   (You found it on level 7 of the Dungeon)

   [ring of dexterity]

   Str:       It affects your strength (-2).
   Int:       It affects your intelligence (+3).
   Dex:       It affects your dexterity (+6).
   rPois:     It protects you from poison.
   rN:        It protects you from negative energy.
Wands
 s - a wand of digging (4)
 u - a wand of flame (40)
 x - a wand of iceblast (12)
 N - a wand of mindburst (6)
 T - a wand of charming (8)
 W - a wand of acid (7)
Scrolls
 r - a scroll of fear
 B - 2 scrolls of amnesia
 C - 2 scrolls of magic mapping
 D - a scroll of holy word
 J - 2 scrolls of teleportation
Potions
 d - 3 potions of haste
 g - 3 potions of heal wounds
 q - a potion of cancellation {unknown}
 F - 2 potions of lignification
 S - 2 potions of curing {unknown}


   Skills:
 + Level 7.1 Fighting
 + Level 12.7 Maces & Flails
 + Level 1.0(1.1) Slings
 + Level 0.1(0.9) Throwing
 + Level 1.9 Armour
 + Level 7.1 Dodging
 + Level 2.4 Stealth


You had 10 spell levels left.
You didn't know any spells.
Your spell library contained the following spells:

 Spells                   Type           Power      Damage    Failure   Level
 Blink                    Tloc           0%         N/A       58%         2
 Ensorcelled Hibernation  Hex/Ice        0%         N/A       58%         2
 Passwall                 Tmut/Erth      0%         N/A       58%         2
 Static Discharge         Conj/Air       0%         N/A       58%         2
 Confusing Touch          Hex            0%         N/A       82%         3
 Lesser Beckoning         Tloc           0%         N/A       82%         3
 Portal Projectile        Hex/Tloc       0%         N/A       82%         3
 Spider Form              Tmut/Pois      0%         N/A       82%         3
 Swiftness                Air            0%         N/A       82%         3
 Anguish                  Hex/Necr       0%         N/A       99%         4
 Dispel Undead            Necr           0%         3d6       99%         4
 Fulminant Prism          Conj/Hex       0%         3d6       99%         4
 Iskenderun's Mystic Bla  Conj/Tloc      0%         2d3       99%         4
 Sticky Flame             Conj/Fire      0%         2d3       99%         4
 Blade Hands              Tmut           0%         N/A       100%        5
 Excruciating Wounds      Necr           0%         N/A       100%        5
 Lee's Rapid Deconstruct  Erth           0%         3d5*      100%        5
 Lightning Bolt           Conj/Air       0%         1d11      100%        5
 Manifold Assault         Tloc           0%         N/A       100%        5
 Yara's Violent Unravell  Hex/Tmut       0%         3d3       100%        5
 Enfeeble                 Hex            0%         N/A       100%        7
 Maxwell's Capacitive Co  Air            0%         ∞         100%        8


Dungeon Overview and Level Annotations

Branches:
Dungeon (9/15)             Temple (1/1) D:7             Orc (2/2) D:9
    Elf (0/3) Orc:2
   Lair: D:8-11

Altars:
Ashenzari
Cheibriados
Dithmenos
Elyvilon
Fedhas
Gozag
Hepliaklqana
Kikubaaqudgha
Makhleb
Nemelex Xobeh
Okawaru
Qazlal
Ru
Sif Muna
Trog
Uskayaw
Vehumet
Wu Jian
Xom
Yredelemnul
Zin
The Shining One

Shops:
D:2 [   D:3 [


Innate Abilities, Weirdness & Mutations

Your life essence is reduced to manifest your ancestor. (-10% HP)
You are too large for most types of armour.
You have claws for hands.
Your natural rate of healing is unusually fast.
You are covered in fur. (AC +1)
You have tough skin. (AC +1)
You have supernaturally acute eyesight. (SInv)
You are strong-willed. (Will+)
You occasionally shout uncontrollably at your foes.
Your spells are a little easier to cast, but a little less powerful.


Message History

The neqoxec hits Publius!
The sun demon barely misses you.
The orc high priest hits you but does no damage.
You sock the orc high priest!
The orc high priest is severely wounded.
The sun demon hits you.
You are engulfed in flames!
Publius hits the sun demon with a +0 quarterstaff!
The neqoxec hits Publius but does no damage.
You hit the orc high priest but do no damage.
The orc high priest is severely wounded.
The orc high priest hits you but does no damage.
The sun demon hits you but does no damage.
You hit the orc high priest.
The orc high priest is severely wounded.
The neqoxec hits Publius.
Publius hits the neqoxec with a +0 quarterstaff!!
The orc high priest barely misses you.
The sun demon hits you but does no damage.
You hit the orc high priest but do no damage.
The orc high priest is severely wounded.
The neqoxec hits Publius but does no damage.
Publius hits the neqoxec with a +0 quarterstaff!
The orc high priest calls down the wrath of Beogh upon you.
Beogh smites you!
* * * LOW HITPOINT WARNING * * *
The sun demon hits you.
* * * LOW HITPOINT WARNING * * *
You are engulfed in flames!
* * * LOW HITPOINT WARNING * * *
You thump the orc high priest!
The orc high priest is almost dead.
Publius hits the neqoxec with a +0 quarterstaff!!
The neqoxec dies!
The neqoxec disappears in a puff of smoke!
The orc high priest barely misses you.
You barely miss the orc high priest.
The orc high priest is almost dead.
The sun demon hits you.
* * * LOW HITPOINT WARNING * * *
You are engulfed in flames!
You die...

###.## ##.#)))....# #........#
### #.....#....###......... #####
###.....##....##....#....
.##.#####.....#.#.#.........##...
.....#.#.....)#####......#####...
..#...........#.##....#....[#....
.............)..§#....#...<).....
.........###...o3R....#..........
....).....###[[)@....###.^.....≈≈
.))..).#.###........## ##.#....≈#
.......### ###.....## ####...≈#
...#....# #.....### ####≈#
..####..# ##)......## ≈# ###
#...####.........# # #
##.##..)..........# # #
##.......##....## # #....####
##...#


You could see the friendly Publius the battlemage, an orc high priest and a sun
demon (summoned).

Vanquished Creatures
  An orc knight (Orc:2)
  An orc sorcerer (Orc:2)
  An unseen horror (D:6)
  Maggie (D:9)
  A troll (Orc:2)
  8 yaks
  A wraith (D:9)
  2 wyverns
  3 wargs
  4 water moccasins
  2 ice beasts
  8 orc warriors
  A black bear (D:5)
  5 ogres
  A phantom (D:6)
  3 centaurs
  A bullfrog (D:6)
  3 scorpions
  A wyvern zombie (D:6)
  A gnoll sergeant (Orc:2)
  3 water moccasin zombies (D:6)
  3 wights (D:8)
  4 killer bees (D:9)
  A howler monkey (D:6)
  A centaur zombie (D:5)
  4 hounds
  6 orc priests
  2 jellies (D:6)
  4 bullfrog skeletons
  2 centaur skeletons
  Terence (D:3)
  6 orc wizards
  2 iguanas (D:6)
  3 hound skeletons
  Robin (D:3)
  12 adders
  6 gnolls
  2 ufetubi
  2 adder skeletons
  A worm (D:2)
  33 orcs
  4 ball pythons
  7 endoplasms
  2 giant cockroaches
  14 goblins
  7 hobgoblins
  4 jackals
  2 kobolds
  A quokka (D:3)
  4 bats
  2 frilled lizards (D:1)
  5 rats
200 creatures vanquished.

Vanquished Creatures (collateral kills)
  Gastronok (D:8)
  Pikel (D:7)
  A yak (D:8)
  6 orc warriors
  2 ogres (Orc:2)
  A centaur (D:8)
  2 lemures (D:7)
  A bullfrog (D:8)
  A gnoll sergeant (D:8)
  2 wyvern zombies
  A killer bee (D:9)
  3 wights (D:8)
  3 howler monkeys
  9 orc priests
  3 orc wizards
  A howler monkey zombie (D:8)
  7 gnolls
  28 orcs
73 creatures vanquished.

Vanquished Creatures (others)
  A battlemage (D:9)
  A fungus (D:2)
  17 plants
19 creatures vanquished.

Grand Total: 292 creatures vanquished

Notes
Turn   | Place    | Note
-------+----------+-------------------------------------------
     0 | D:1      | issech the Troll Monk began the quest for the Orb.
     0 | D:1      | Reached XP level 1. HP: 22/22 MP: 0/0
   412 | D:1      | Reached XP level 2. HP: 28/29 MP: 1/1
   976 | D:2      | Reached skill level 3 in Maces & Flails
  1002 | D:2      | Identified the +2 robe "Misch" {-Cast Rampage rPois Dex+3}
  1020 | D:2      | Reached XP level 3. HP: 29/36 MP: 2/2
  1062 | D:2      | Found Gaaxos's Armour Boutique.
  1290 | D:2      | Found a faded altar of an unknown god.
  1510 | D:3      | Reached XP level 4. HP: 45/45 MP: 3/3
  1618 | D:3      | Found Talikk's Antique Armour Emporium.
  1648 | D:3      | Bought a cloak for 76 gold pieces
  1747 | D:3      | Noticed Robin
  1768 | D:3      | Killed Robin
  1923 | D:3      | Noticed Terence
  1939 | D:3      | Killed Terence
  1940 | D:3      | Reached skill level 4 in Maces & Flails
  1940 | D:3      | Reached XP level 5. HP: 44/53 MP: 4/4
  2232 | D:4      | Noticed an ogre
  2244 | D:4      | Killed an ogre
  2398 | D:4      | Reached skill level 5 in Maces & Flails
  2398 | D:4      | Reached XP level 6. HP: 52/61 MP: 5/5
  2882 | D:5      | Entered Level 5 of the Dungeon
  2996 | D:5      | Noticed a yak
  2999 | D:5      | Noticed a yak
  3027 | D:5      | Reached skill level 6 in Maces & Flails
  3027 | D:5      | Reached XP level 7. HP: 55/67 MP: 6/6
  3040 | D:5      | Killed a yak
  3048 | D:5      | Killed a yak
  3098 | D:5      | Reached skill level 7 in Maces & Flails
  3329 | D:5      | Reached XP level 8. HP: 78/78 MP: 7/7
  3544 | D:5      | Reached skill level 8 in Maces & Flails
  3550 | D:5      | Identified a scroll of acquirement
  3551 | D:5      | Acquired 513 gold pieces
  3898 | D:6      | Identified the +7 hunting sling of Kanaq {flame, rC- Str+2
                  | Dex+7}
  3958 | D:6      | Found an ornate altar of the Wu Jian Council.
  4101 | D:6      | Reached XP level 9. HP: 68/87 MP: 8/8
  4209 | D:6      | Reached skill level 5 in Dodging
  4214 | D:6      | Reached skill level 1 in Slings
  4221 | D:6      | Reached skill level 9 in Maces & Flails
  4325 | D:6      | Reached skill level 5 in Fighting
  4327 | D:6      | Noticed an unseen horror
  4348 | D:6      | Killed an unseen horror
  4882 | D:7      | Reached skill level 10 in Maces & Flails
  4903 | D:7      | Found a staircase to the Ecumenical Temple.
  4903 | D:7      | Identified the ring of the Crown {rPois rN+ Str-2 Int+3
                  | Dex+6}
  4986 | Temple   | Entered the Ecumenical Temple
  5118 | Temple   | Became a worshipper of Hepliaklqana the Forgotten
  5118 | Temple   | Reached * piety under Hepliaklqana
  5118 | Temple   | Reached ** piety under Hepliaklqana
  5119 | Temple   | Remembered your ancestor Publius as a battlemage
  5332 | D:7      | Noticed Pikel
  5345 | D:7      | Killed Pikel
  5346 | D:7      | Reached XP level 10. HP: 74/88 MP: 9/9
  6178 | D:8      | Found a broken altar of Ashenzari.
  6361 | D:8      | Noticed Gastronok
  6372 | D:8      | Killed Gastronok
  6373 | D:8      | Reached skill level 11 in Maces & Flails
  6822 | D:8      | Gained mutation: Your spells are a little easier to cast,
                  | but a little less powerful. [potion of mutation]
  6822 | D:8      | Gained mutation: You occasionally shout uncontrollably at
                  | your foes. [potion of mutation]
  6822 | D:8      | Gained mutation: You are strong-willed. (Will+) [potion of
                  | mutation]
  6822 | D:8      | Gained mutation: You have supernaturally acute eyesight.
                  | (SInv) [potion of mutation]
  7190 | D:9      | Reached skill level 12 in Maces & Flails
  7190 | D:9      | Found a staircase to the Orcish Mines.
  7255 | D:9      | Reached *** piety under Hepliaklqana
  7437 | D:9      | Found an iron altar of Okawaru.
  7437 | D:9      | Found a shadowy altar of Dithmenos.
  7726 | D:9      | Noticed Maggie
  7738 | D:9      | Killed Maggie
  7739 | D:9      | Reached XP level 11. HP: 86/96 MP: 10/10
  7957 | Orc:1    | Entered Level 1 of the Orcish Mines
  8182 | Orc:2    | Entered Level 2 of the Orcish Mines
  8241 | Orc:2    | Found a staircase to the Elven Halls.
  9076 | Orc:2    | Noticed an orc knight
  9081 | Orc:2    | Reached skill level 1 in Armour
  9088 | Orc:2    | Killed an orc knight
  9174 | Orc:2    | Noticed an orc sorcerer
  9179 | Orc:2    | Noticed an orc high priest
  9181 | Orc:2    | Noticed a soul eater
  9181 | Orc:2    | Noticed a sun demon
  9181 | Orc:2    | Killed an orc sorcerer
  9222 | Orc:2    | Noticed a sun demon
  9233 | Orc:2    | Mangled by a sun demon

Illustrated notes

Levels and vault maps discovered:
D:1:      nagdon_arrival_double_spiral, layout_basic,
          minmay_misc_feat_more_columns, eino_curves_03
D:2:      layout_rooms, serial_shops, nicolae_shop_statue_plus,
          shapermc_ecumenical_altar_mp_ritualfount
D:3:      layout_loops_cross, serial_shops, nicolae_shop_statue_plus,
          serial_bayou_pond_e, uniq_robin, uniq_terence
D:4:      layout_loops_ring, corexii_shack, kennysheep_generic_room_11
D:5:      wander_river, layout_loops_ring, serial_bayou_pond_c,
          cheibrodos_gnoll_hut
D:6:      kennysheep_windowed_halls, layout_rooms, nzn_wu_jian_contemplation
D:7:      layout_cave_pools, minmay_temple_entry_wispy, uniq_pikel
D:8:      layout_basic, mainiacjoe_overflow_catwalk, serial_corexii_hall,
          corexii_hall_statues_i, chequers_hall_statues_wall_a,
          chequers_hall_statues_wall_a, corexii_hall_statues_deadend,
          roderic_lattice_a, kennysheep_doodads, uniq_gastronok
D:9:      layout_loops_ring, chequers_temple_overflow_statue_of_worship,
          minmay_orc_entry_guard_dogs, chequers_serial_rivers_room_b,
          uniq_maggie
Temple:   hc_temple_tempest_star
Orc:1:    layout_caves
Orc:2:    grunt_orc_tribal_feast, layout_diamond_mine, minmay_orc_keep

Skill      XL: |  1  2  3  4  5  6  7  8  9 10 11 |
---------------+----------------------------------+-----
Maces & Flails | 3 4 5 6 7 8 10 12 | 12.7
Dodging        | 3 4 5 6 7 |  7.1
Fighting       | 3 4 5 6 7 |  7.1
Slings         | 1 |  1.0
Stealth        | 2 |  2.4
Armour         | 1 |  1.9
Throwing       | |  0.1

Action                   |  1- 3 |  4- 6 |  7- 9 | 10-12 || total
-------------------------+-------+-------+-------+-------++-------
Melee: Mace              |    90 |    63 |       |       ||   153
       Flail             |       |   142 |   269 |   335 ||   746
 Fire: Hunting sling     |       |       |    11 |       ||    11
Throw: Large rock        |       |       |       |     5 ||     5
       Boomerang         |       |       |       |     1 ||     1
Invok: Ancestor Life: Ba |       |       |     1 |       ||     1
  Use: Scroll            |       |       |     9 |    11 ||    20
       Potion            |       |       |       |     5 ||     5
 Stab: Distracted        |       |       |       |     6 ||     6
Armor: Robe              |    19 |   121 |   119 |    55 ||   314
       Skin              |     1 |       |       |       ||     1
       Acid dragon scale |       |       |       |    71 ||    71
Dodge: Dodged            |    45 |   160 |   173 |   229 ||   607
